 Dungeon Crawl Stone Soup version 0.25-a0-566-g062765be81 (webtiles) character file.

Game seed: 7192726225077314756, levelgen mode: deterministic

46 Flugslaktarn the Skirmisher (level 3, -1/33 HPs)
             Began as a Minotaur Fighter on Feb 27, 2020.
             Slain by an ogre
             ... wielding a cursed -1 giant club
              (3 damage)
             ... on level 4 of the Dungeon.
             The game lasted 00:00:23 (432 turns).

Flugslaktarn the Skirmisher (Minotaur Fighter)       Turns: 432, Time: 00:00:23

Health: -1/33      AC:  7    Str: 21    XL:     3   Next: 46%
Magic:  2/2        EV:  7    Int:  5    God:
Gold:   33         SH:  9    Dex:  9    Spells: 2/2 levels left

rFire    . . .     SeeInvis .   a - +0 war axe
rCold    . . .     Gourm    .   c - +0 kite shield
rNeg     . . .     Faith    .   b - +0 scale mail
rPois    .         Spirit   .   (helmet restricted)
rElec    .         Reflect  .   (no cloak)
rCorr    .         Harm     .   (no gloves)
MR       .....                  (no boots)
Stlth    ..........             (no amulet)
HPRegen  0.11/turn              (no ring)
MPRegen  0.08/turn              (no ring)

@: no status effects
A: retaliatory headbutt, horns 2
a: no special abilities


You were on level 4 of the Dungeon.
You were not hungry.

You visited 1 branch of the dungeon, and saw 4 of its levels.

You collected 33 gold pieces.

Inventory:

Hand Weapons
 a - a +0 war axe (weapon)
Armour
 b - a +0 scale mail (worn)
 c - a +0 kite shield (worn)
Scrolls
 f - a scroll of amnesia {unknown}
 g - a scroll of remove curse {unknown}
 j - a scroll of teleportation {unknown}
 l - a scroll of identify {unknown}
Potions
 d - a potion of might
 i - a potion of lignification {unknown}
 k - a potion of mutation {unknown}
Comestibles
 e - 3 rations
 h - 5 chunks of flesh


   Skills:
 + Level 4.0 Fighting
 * Level 3.5 Axes
 + Level 4.0 Armour
 + Level 4.0 Shields


You had 2 spell levels left.
You didn't know any spells.
Your spell library was empty.

Dungeon Overview and Level Annotations

Branches:
Dungeon (4/15)
 Temple: D:4-7

Altars:


Innate Abilities, Weirdness & Mutations

You reflexively headbutt those who attack you in melee.
You have a pair of horns on your head.


Message History

You are too injured to fight recklessly!
You are too injured to fight recklessly!
You are too injured to fight recklessly!
You are too injured to fight recklessly!
Unknown command.
You hit the ogre.
The ogre is severely wounded.
You hit the orc wizard. You barely miss the orc.
The orc wizard hits you with a +0 dagger.
* * * LOW HITPOINT WARNING * * *
You block the ogre's attack.
The orc wizard hits you but does no damage.
The orc hits you with a +0 flail.
* * * LOW HITPOINT WARNING * * *
You hit the ogre.
The ogre is severely wounded.
You hit the orc but do no damage. You closely miss the orc wizard.
You block the orc wizard's attack.
The ogre hits you with a cursed -1 giant club.
You die...

. . .#. ...
#.# #.# #.#
#.#
####<#######
#..o@Oa.....
#.##o###.###
# #o# #..
###


You could see an ogre, a worker ant, an orc wizard and 2 orcs.

Vanquished Creatures
  An adder (D:3)
  2 oozes (D:1)
  A dart slug (D:1)
  A leopard gecko (D:2)
  5 orcs
  2 bats
  A giant cockroach (D:1)
  A goblin (D:2)
  2 hobgoblins
  3 frilled lizards
  A kobold (D:2)
  2 rats
22 creatures vanquished.

Notes
Turn   | Place    | Note
-------+----------+-------------------------------------------
     0 | D:1      | Flugslaktarn the Minotaur Fighter began the quest for the
                  | Orb.
     0 | D:1      | Reached XP level 1. HP: 19/19 MP: 0/0
   101 | D:1      | Reached XP level 2. HP: 22/27 MP: 1/1
   330 | D:3      | Reached XP level 3. HP: 29/33 MP: 2/2
   423 | D:4      | Noticed an ogre
   432 | D:4      | Slain by an ogre

Levels and vault maps discovered:
D:1:      lemuel_arrival_cross, layout_loops_ring
D:2:      layout_basic, nicolae_overflow_hidden_temple,
          kennysheep_generic_room_15
D:3:      layout_rooms, chequers_temple_overflow_minitemple, eino_tiny_chamber
D:4:      layout_loops_corners, serial_undead, serial_undead_c, serial_undead_d,
          serial_undead_b, serial_undead_e, serial_undead_c, serial_undead_c,
          serial_undead_c, nrook_mini_backslash, minmay_checkerbox, uniq_robin

Skill      XL: |  1  2 |
---------------+-------+-----
Axes           | 3 |  3.5
Fighting       | 4 |  4.0
Armour         | 4 |  4.0
Shields        | 4 |  4.0

Action                   || total
-------------------------++-------
Melee: War axe           ||    48
       Headbutt          ||    11
Armor: Scale mail        ||    18
Dodge: Dodged            ||    14
Block: Kite shield       ||    24

Table legend:
 A = Non-vault XP
 B = Vault XP
 C = Vault XP percentage of total XP
 D = Non-vault monster count
 E = Vault monster count
 F = Vault count percentage of total count
                 A         B        C        D         E       F
            +---------+---------+-------+---------+---------+-------
      Total |      66 |       1 |   1.5 |      21 |       1 |   4.5
            +---------+---------+-------+---------+---------+-------
        D:1 |      25 |       0 |   0.0 |       7 |       0 |   0.0
        D:2 |      12 |       1 |   7.7 |       7 |       1 |  12.5
        D:3 |      23 |       0 |   0.0 |       5 |       0 |   0.0
        D:4 |       6 |       0 |   0.0 |       2 |       0 |   0.0
            +---------+---------+-------+---------+---------+-------
